 Dungeon Crawl Stone Soup version 0.30-a0-170-g85af917532 (webtiles) character file.

Game seed: 8289312447800564790

325 qw the Chopper (level 6, 0/40 HPs)
             Began as a Gargoyle Fighter on Sept 30, 2022.
             Slain by a gnoll
             ... wielding a +0 scythe
              (4 damage)
             ... on level 4 of the Dungeon.
             The game lasted 00:01:22 (4786 turns).

qw the Chopper (Gargoyle Fighter)                   Turns: 4786, Time: 00:01:22

Health: 0/40       AC: 13    Str: 22    XL:     6   Next: 48%
Magic:  6/6        EV:  9    Int:  8    God:
Gold:   240        SH:  4    Dex:  9    Spells: 5/5 levels left

rFire   . . .      SeeInvis .    Y - +0 war axe
rCold   . . .      Faith    .    c - +0 buckler
rNeg    + . .      Spirit   .    b - +0 scale mail
rPois   inf        Reflect  .    m - +0 helmet
rElec   +          Harm     .    (no cloak)
rCorr   +          Rampage  .    h - +0 pair of gloves
Will    .....                    (no boots)
Stlth   ..........               (no amulet)
HPRegen 0.13/turn                l - ring of resist corrosion
MPRegen 0.10/turn                (no ring)

@: no status effects
A: sickness immunity, AC +4, negative energy resistance 1, electricity
resistance, torment resistance 1, petrification resistance
a: no special abilities


You were on level 4 of the Dungeon.
You visited 1 branch of the dungeon, and saw 4 of its levels.

You collected 240 gold pieces.


Innate Abilities, Weirdness & Mutations

You are immune to sickness and miasma.
Your stone body is resilient. (AC +4)
You are immune to poison.
You resist negative energy. (rN+)
You are resistant to electric shocks. (rElec)
You are resistant to unholy torment.
You are immune to petrification.


   Skills:
 - Level 5.0 Fighting
 - Level 5.1 Axes
 - Level 3.2 Armour
 + Level 0.1 Dodging
 - Level 3.2 Shields


You had 5 spell levels left.
You didn't know any spells.
Your spell library was empty.

Inventory:

Hand Weapons
 s - a +2 flail of holy wrath
 Y - a +0 war axe (weapon)
Missiles
 n - a boomerang (quivered)
Armour
 b - a +0 scale mail (worn)
 c - a +0 buckler (worn)
 h - a +0 pair of gloves (worn)
 m - a +0 helmet (worn)
Jewellery
 l - a ring of resist corrosion (left hand)
Scrolls
 k - a scroll of identify
Potions
 a - a potion of curing
 d - a potion of might
 o - a potion of cancellation {unknown}
 p - a potion of mutation {unknown}
 q - a potion of magic {unknown}

Dungeon Overview and Level Annotations

Branches:
Dungeon (4/15)
 Temple: D:4-7

Altars:
Uskayaw
Wu Jian
Yredelemnul

Shops:
D:1 ::   D:2 (

Annotations:
D:3 Pikel


Message History

The orc moves out of view.
A gnoll comes into view. It is wielding a +0 scythe.
The gnoll shouts!
The gnoll hits you from afar with a +0 scythe.
The hobgoblin hits you with a +0 scythe.
The hobgoblin hits you but does no damage.
You block the orc's attack. The gnoll hits you but does no damage.
There is an open door here.
You hit the hobgoblin.
The hobgoblin is severely wounded.
You barely miss the orc. You barely miss the hobgoblin.
The hobgoblin hits you but does no damage.
The hobgoblin closely misses you. You block the gnoll's attack.
The orc misses you.
The gnoll hits you from afar with a +0 scythe.
The gnoll hits you but does no damage. You block the hobgoblin's attack.
The hobgoblin barely misses you.
The gnoll hits you from afar with a +0 scythe!
The orc hits you with a +0 scythe!
You barely miss the hobgoblin.
The hobgoblin is severely wounded.
You barely miss the hobgoblin. You slash the orc!
You kill the orc!
The hobgoblin closely misses you. You block the gnoll's attack.
The gnoll closely misses you. You block the hobgoblin's attack.
You completely miss the hobgoblin.
The hobgoblin is severely wounded.
You hit the hobgoblin but do no damage. The gnoll closely misses you.
You block the hobgoblin's attack. x2
The gnoll hits you from afar with a +0 scythe!
You slash the hobgoblin!
You kill the hobgoblin!
You hit the hobgoblin. You block the gnoll's attack.
The hobgoblin closely misses you. The gnoll completely misses you.
You hit the hobgoblin.
The hobgoblin is almost dead.
You block the gnoll's attack. You block the hobgoblin's attack.
The gnoll hits you from afar with a +0 scythe.
You die...

##.# ###)[#... #..#
##.....#.. ###.##
#..###..>. #...#
##.#....(.. #.###
####....##.###
#######.....###..#..
#.gg##.##.###......
#)g)##.7~.~7......#
##@##..7P~P77.....#
#....#777.~7.......
#....7 P~~7.7....#
###777 7.777777#..
~..7P7.~..#
~.~~~~..## .~~7PP7##
~


777 You could see 2 gnolls and a hobgoblin.

Vanquished Creatures
  Edmund (D:4)
  A phantom (D:3)
  2 lemures (D:4)
  6 adders
  12 orcs
  4 ball pythons
  5 bats
  10 endoplasms
  3 giant cockroaches
  5 goblins
  7 hobgoblins
  2 jackals (D:4)
  6 kobolds
  2 quokkas
  3 frilled lizards
  3 rats (D:1)
72 creatures vanquished.

Vanquished Creatures (others)
  16 fungi (D:4)
  7 plants (D:4)
23 creatures vanquished.

Grand Total: 95 creatures vanquished

Notes
Turn   | Place    | Note
-------+----------+-------------------------------------------
     0 | D:1      | qw the Gargoyle Fighter began the quest for the Orb.
     0 | D:1      | Reached XP level 1. HP: 14/14 MP: 1/1
     0 | D:1      | 0 ||| qw: Version: 0.2-a-12-gaebbb33
     0 | D:1      | 0 ||| qw: Game counter: 1643
     0 | D:1      | 0 ||| qw: Always use a shield: true
     0 | D:1      | 0 ||| qw: God list: Okawaru
     0 | D:1      | 0 ||| qw: Allow faded altars: false
     0 | D:1      | 0 ||| qw: Do Orc after D:15 true
     0 | D:1      | 0 ||| qw: Do second Lair branch before Depths: true
     0 | D:1      | 0 ||| qw: Lair rune preference: random
     0 | D:1      | 0 ||| qw: Plans: Normal, Zot:1-4, God:TSO, Crypt, Tomb,
                  | Pan, Slime:5, Hells, Abyss, Orb
     0 | D:1      | 0 ||| PLANNING D:1-11
   107 | D:1      | 107 ||| Stepping ~*~*~tactically~*~*~ (stealth).
   110 | D:1      | 110 ||| Stepping ~*~*~tactically~*~*~ (stealth).
   113 | D:1      | 113 ||| Stepping ~*~*~tactically~*~*~ (stealth).
   117 | D:1      | 117 ||| Stepping ~*~*~tactically~*~*~ (stealth).
   334 | D:1      | Reached XP level 2. HP: 19/19 MP: 2/2
   611 | D:1      | Found Ziquvy's Vocational Training.
   662 | D:1      | Found Ucwacykk's Book Shop.
   696 | D:1      | 696 ||| Stepping ~*~*~tactically~*~*~ (stealth).
   698 | D:1      | 698 ||| Stepping ~*~*~tactically~*~*~ (stealth).
   699 | D:1      | 699 ||| Stepping ~*~*~tactically~*~*~ (stealth).
   777 | D:1      | 777 ||| Stepping ~*~*~tactically~*~*~ (stealth).
   779 | D:1      | 779 ||| Stepping ~*~*~tactically~*~*~ (stealth).
   788 | D:1      | Reached skill level 3 in Axes
  1013 | D:1      | Reached XP level 3. HP: 23/23 MP: 3/3
  1029 | D:1      | Found a faded altar of an unknown god.
  1114 | D:1      | 1114 ||| UPGRADING to +0 pair of gloves.
  1119 | D:1      | 1119 ||| READING scroll labelled TUMUIC GASOE.
  1120 | D:1      | 1120 ||| READING scroll labelled CAYMECOVAV.
  1221 | D:1      | 1221 ||| READING scroll labelled ALURRE YRRIPN.
  1222 | D:1      | 1222 ||| DRINKING 2 fuming silvery potions.
  1223 | D:1      | 1223 ||| DROPPING potion of degeneration.
  1301 | D:2      | 1301 ||| Stepping ~*~*~tactically~*~*~ (stealth).
  1303 | D:2      | 1303 ||| Stepping ~*~*~tactically~*~*~ (stealth).
  1426 | D:2      | Reached XP level 4. HP: 14/28 MP: 4/4
  1579 | D:2      | 1579 ||| Stepping ~*~*~tactically~*~*~ (stealth).
  1584 | D:2      | 1584 ||| Stepping ~*~*~tactically~*~*~ (stealth).
  1616 | D:2      | 1616 ||| DROPPING +0 club.
  1651 | D:2      | Identified the +2 leather armour of the Other World {rN+
                  | Int+3 Dex+6 Slay-3}
  1687 | D:2      | Identified the +0 robe of the Monkey {Str+4 Int+2 SInv}
  1732 | D:2      | 1732 ||| Stepping ~*~*~tactically~*~*~ (stealth).
  1735 | D:2      | Found Weklefig's Weapon Shoppe.
  1738 | D:2      | 1738 ||| Stepping ~*~*~tactically~*~*~ (stealth).
  2176 | D:2      | 2176 ||| DROPPING +2 leather armour of the Other World {rN+
                  | Int+3 Dex+6 Slay-3}.
  2177 | D:2      | 2177 ||| READING 2 scrolls labelled EPOAKL ILEROGH.
  2181 | D:2      | 2181 ||| READING 2 scrolls labelled ILAXO ICAVYTH.
  2182 | D:2      | 2182 ||| READING scroll labelled PIWNAE YLYI.
  2183 | D:2      | 2183 ||| READING scroll labelled JICETE COZUAR.
  2184 | D:2      | 2184 ||| DRINKING 2 metallic black potions.
  2185 | D:2      | 2185 ||| DRINKING 4 coppery potions.
  2186 | D:2      | 2186 ||| DROPPING scroll of vulnerability.
  2218 | D:3      | 2218 ||| STAIRDANCE
  2264 | D:3      | 2264 ||| STAIRDANCE
  2269 | D:2      | 2269 ||| DROPPING +1 mace of protection.
  2273 | D:3      | 2273 ||| STAIRDANCE
  2363 | D:3      | 2363 ||| STAIRDANCE
  2371 | D:3      | 2371 ||| STAIRDANCE
  2407 | D:3      | 2407 ||| Stepping ~*~*~tactically~*~*~ (stealth).
  2408 | D:3      | 2408 ||| Stepping ~*~*~tactically~*~*~ (stealth).
  2416 | D:3      | Noticed a phantom
  2417 | D:3      | 2417 ||| Stepping ~*~*~tactically~*~*~ (stealth).
  2435 | D:3      | Killed a phantom
  2436 | D:3      | Reached XP level 5. HP: 24/32 MP: 5/5
  2797 | D:3      | Found a basalt altar of Yredelemnul.
  3541 | D:3      | 3541 ||| UPGRADING to +0 helmet.
  3546 | D:3      | 3546 ||| UPGRADING to ring of resist corrosion.
  3611 | D:4      | Noticed Edmund
  3623 | D:4      | HP: 8/33 [Edmund/+2 flail of holy wrath (3)]
  3624 | D:4      | 3624 ||| READING 2 scrolls of teleportation.
  3625 | D:4      | 3625 ||| DRINKING 3 potions of heal wounds.
  3747 | D:4      | Killed Edmund
  3748 | D:4      | Reached XP level 6. HP: 21/40 MP: 6/6
  3891 | D:4      | 3891 ||| DROPPING +0 flail.
  3937 | D:4      | Noticed a +0 short sword
  3937 | D:4      | Noticed a +0 spear
  3937 | D:4      | Noticed a +0 dagger
  3938 | D:4      | Noticed a +0 falchion
  3938 | D:4      | Noticed a +0 short sword
  3939 | D:4      | Noticed a +0 spear
  3939 | D:4      | Noticed a +0 dagger
  3941 | D:4      | Noticed a +0 falchion
  3942 | D:4      | Found a hide-covered altar of Uskayaw.
  4024 | D:4      | Found an ornate altar of the Wu Jian Council.
  4143 | D:4      | Noticed Pikel
  4145 | D:4      | 4145 ||| Stepping ~*~*~tactically~*~*~ (stealth).
  4147 | D:4      | 4147 ||| Stepping ~*~*~tactically~*~*~ (stealth).
  4155 | D:4      | 4155 ||| Stepping ~*~*~tactically~*~*~ (stealth).
  4166 | D:4      | HP: 8/40 [Pikel/+2 whip of flaming (5)]
  4167 | D:4      | 4167 ||| READING 2 scrolls of teleportation.
  4168 | D:4      | 4168 ||| DRINKING 2 potions of heal wounds.
  4221 | D:4      | 4221 ||| FLEEEEING.
  4222 | D:4      | 4222 ||| FLEEEEING.
  4223 | D:4      | 4223 ||| FLEEEEING.
  4224 | D:4      | 4224 ||| STAIRDANCE
  4282 | D:3      | 4282 ||| READING scroll labelled QOP COM TUFF.
  4283 | D:3      | 4283 ||| DRINKING 2 fizzy cyan potions.
  4388 | D:3      | 4388 ||| READING 2 scrolls of identify.
  4388 | D:3      | 4388 ||| IDENTIFYING orange potion
  4389 | D:3      | 4389 ||| DROPPING potion of berserk rage.
  4390 | D:3      | 4390 ||| DROPPING potion of brilliance.
  4393 | D:4      | 4393 ||| STAIRDANCE
  4397 | D:3      | HP: 4/40 [lemure[Pikel] (7)]
  4398 | D:3      | 4398 ||| READING scroll of teleportation.
  4399 | D:3      | 4399 ||| DRINKING potion of heal wounds.
  4552 | D:4      | 4552 ||| FLEEEEING.
  4553 | D:4      | 4553 ||| FLEEEEING.
  4554 | D:4      | 4554 ||| STAIRDANCE
  4612 | D:4      | 4612 ||| STAIRDANCE
  4782 | D:4      | HP: 10/40 [orc/+0 scythe (8)]
  4784 | D:4      | HP: 3/40 [gnoll/+0 scythe (7)]
  4786 | D:4      | Slain by a gnoll

Levels and vault maps discovered:
D:1:      dpeg_arrival_shrine, layout_basic, basic_ecumenical_altar,
          serial_shops, nicolae_square_shop, nicolae_shop_vocational
D:2:      layout_loops_ring, serial_shops, nicolae_shop_bloodbath_and_beyond,
          hangedman_decor_clover_reticule, grunt_ministairs_15, minivault_26,
          minmay_pentomino_o2
D:3:      layout_basic, nicolae_overflow_hidden_temple, lemuel_flame_loot_1,
          uniq_crazy_yiuf_cottage
D:4:      layout_rooms, nicolae_uskayaw_en_pointe,
          mainiacjoe_overflow_cross_hatched, nzn_wu_jian_contemplation,
          serial_bayou, serial_bayou_crossing, serial_bayou_shore_b,
          serial_bayou_pond_d, serial_bayou_shore_b, sigmund_army, uniq_pikel,
          uniq_edmund

Skill      XL: |  1  2  3  4  5 |
---------------+----------------+-----
Axes           | 2 3 5 |  5.1
Fighting       | 5 |  5.0
Armour         | |  3.2
Dodging        | |  0.1
Shields        | |  3.2

Action                   |  1- 3 |  4- 6 || total
-------------------------+-------+-------++-------
Melee: War axe           |    93 |   142 ||   235
Throw: Boomerang         |       |    22 ||    22
  Use: Scroll            |     3 |     9 ||    12
       Potion            |     1 |     6 ||     7
Armor: Scale mail        |    43 |    69 ||   112
Dodge: Dodged            |    50 |    62 ||   112
Block: Buckler           |    14 |    41 ||    55

Table legend:
 A = Non-vault XP
 B = Vault XP
 C = Vault XP percentage of total XP
 D = Non-vault monster count
 E = Vault monster count
 F = Vault count percentage of total count
                 A         B        C        D         E       F
            +---------+---------+-------+---------+---------+-------
      Total |     298 |     167 |  35.9 |      64 |       6 |   8.6
            +---------+---------+-------+---------+---------+-------
        D:1 |      35 |       0 |   0.0 |      20 |       0 |   0.0
        D:2 |     100 |       5 |   4.8 |      21 |       3 |  12.5
        D:3 |     152 |       0 |   0.0 |      16 |       0 |   0.0
        D:4 |      11 |     162 |  93.6 |       7 |       3 |  30.0
            +---------+---------+-------+---------+---------+-------
